 Dungeon Crawl Stone Soup version 0.22-a0-305-gd21a89c (webtiles) character file.

58 tilp the Chiller (level 4, -1/30 HPs)
             Began as a Merfolk Ice Elementalist on Mar 29, 2018.
             Slain by a gnoll (7 damage)
             ... on level 1 of the Dungeon.
             The game lasted 00:04:17 (1760 turns).

tilp the Chiller (Merfolk Ice Elementalist)         Turns: 1760, Time: 00:04:18

Health: -1/30      AC:  2    Str:  8    XL:     4   Next: 2%
Magic:  0/7        EV: 13    Int: 15    God:
Gold:   56         SH:  0    Dex: 14    Spells: 1/7 levels left

rFire    . . .     SeeInvis .   b - +0 whip (venom)
rCold    . . .     Gourm    .   (no shield)
rNeg     . . .     Faith    .   m - +0 robe
rPois    .         Spirit   .   (no helmet)
rElec    .         Reflect  .   (no cloak)
rCorr    .         Harm     .   (no gloves)
MR       .....                  (no boots)
Stlth    ++........             (no amulet)
HPRegen  0.10/turn              (no ring)
MPRegen  0.10/turn              (no ring)

@: very slightly contaminated
A: change form in water, swift swim, stealthy swim
a: no special abilities


You were on level 1 of the Dungeon.
You were hungry.

You visited 1 branch of the dungeon, and saw 2 of its levels.

You collected 56 gold pieces.

Inventory:

Hand Weapons
 a - a +3 dagger
 b - a +0 whip of venom (weapon)
 p - a +0 trident
Missiles
 f - 128 stones (quivered)
Armour
 m - a +0 robe (worn)
Scrolls
 e - a scroll of enchant weapon {unknown}
 g - a scroll of random uselessness {unknown}
 h - a scroll of teleportation {unknown}
 j - a scroll of magic mapping {unknown}
 l - 2 scrolls of remove curse {unknown}
 n - 3 scrolls of amnesia {unknown}
 o - a scroll of blinking {unknown}
Potions
 d - a potion of invisibility {unknown}
 k - a potion of curing {unknown}
Comestibles
 i - a ration


   Skills:
 - Level 2.6 Dodging
 - Level 2.1 Stealth
 - Level 2.0 Spellcasting
 - Level 0.7 Conjurations
 + Level 5.2 Ice Magic


You had one spell level left.
You knew the following spells:

 Your Spells              Type           Power        Failure   Level  Hunger
a - Freeze                Ice            ###.         2%          1    #......
b - Throw Frost           Conj/Ice       ##....       10%         2    ###....
c - Ozocubu's Armour      Chrm/Ice       #.......     22%         3    ###....


Dungeon Overview and Level Annotations

Branches:
Dungeon (2/15)

Altars:


Message History

Confirm with . or Enter, or press ? or * to list all spells.
Aiming: Freeze (safe; 2% risk of failure)
Press: ? - help, Shift-Dir - straight line, f/p - gnoll
Aim: a gnoll (moderately wounded)
You freeze the gnoll.
The gnoll is severely wounded.
The gnoll barely misses you.
You closely miss the gnoll.
The gnoll is severely wounded.
The gnoll closely misses you.
You barely miss the gnoll.
The gnoll is severely wounded.
The gnoll hits you!
* * * LOW HITPOINT WARNING * * *
You hit the gnoll but do no damage.
The gnoll is poisoned.
The gnoll is severely wounded.
The gnoll closely misses you.
Unknown command.
The gnoll hits you!
You die...

.........#.#..##.# #...#....#....
.........#.#..##.# #........#....
.........#'#...#.# #........#....
.............#.#.# #........#....
#................####.......#....
#................................
#...###....#.....................
#...# #....#.###.................
#...###....#.# #@................
#..........#.###g................
#..#########.#...................
#..#########.#...[..............)
#..................#....#######..
#.#########...######....#######..
#'#.......#...# #...........##..
..........#...####...........##..
.................'...........'...


You could see a gnoll.

Vanquished Creatures
  A gnoll (D:2)
  2 adders
  2 dart slugs
  A leopard gecko (D:1)
  3 giant cockroaches (D:1)
  2 goblins (D:1)
  4 hobgoblins
  A quokka (D:2)
  5 bats
  3 frilled lizards (D:1)
  A kobold (D:1)
  4 rats
29 creatures vanquished.

Notes
Turn   | Place    | Note
-------+----------+-------------------------------------------
     0 | D:1      | tilp the Merfolk Ice Elementalist began the quest for the Orb.
     0 | D:1      | Reached XP level 1. HP: 13/13 MP: 3/3
   165 | D:1      | Reached XP level 2. HP: 19/19 MP: 0/5
   172 | D:1      | Learned a level 2 spell: Throw Frost
   233 | D:1      | Reached skill level 4 in Ice Magic
  1028 | D:2      | Reached XP level 3. HP: 24/24 MP: 1/6
  1033 | D:2      | Learned a level 3 spell: Ozocubu's Armour
  1461 | D:2      | Reached skill level 5 in Ice Magic
  1752 | D:2      | Reached XP level 4. HP: 16/30 MP: 1/7
  1760 | D:1      | Slain by a gnoll

Vault maps used:
D:1:      dpeg_arrival_ternary, hangedman_abyss_or_decor_stabs

Skill      XL: |  1  2  3 |
---------------+----------+-----
Ice Magic      | 4 5 |  5.2
Dodging        | |  2.6
Stealth        | |  2.1
Spellcasting   | |  2.0
Conjurations   | |  0.7

Action                   |  1- 3 |  4- 6 || total
-------------------------+-------+-------++-------
Melee: Short sword       |     3 |       ||     3
       Dagger            |     8 |       ||     8
       Whip              |    10 |     3 ||    13
 Cast: Freeze            |    34 |     3 ||    37
       Throw Frost       |    12 |       ||    12
 Stab: Sleeping          |     2 |       ||     2
  Eat: Ration            |     1 |       ||     1
Armor: Robe              |    18 |     1 ||    19
Dodge: Dodged            |    64 |     3 ||    67

Table legend:
 A = Spawn XP
 B = Non-spawn XP
 C = Spawn XP percentage of total XP
 D = Spawn monster count
 E = Non-spawn monster count
 F = Spawn count percentage of total count
 G = Total turns spent on level
                    A         B        C        D         E        F      G
               +---------+---------+-------+---------+---------+-------+---------
         Total |       0 |      84 |   0.0 |       0 |      29 |   0.0 |  1760
               +---------+---------+-------+---------+---------+-------+---------
           D:1 |       0 |      45 |   0.0 |       0 |      21 |   0.0 |  1239
           D:2 |       0 |      39 |   0.0 |       0 |       8 |   0.0 |   521
               +---------+---------+-------+---------+---------+-------+---------
